 Dungeon Crawl Stone Soup version 0.28-a0-1227-ga9037bb4c8 (webtiles) character file.

Game seed: 510566224207263677

29 ChaosChampion the Skirmisher (level 3, -4/37 HPs)
             Began as an Ogre Warper on Dec 22, 2021.
             Slain by a gnoll (6 damage)
             ... on level 1 of the Dungeon.
             The game lasted 00:01:24 (1410 turns).

ChaosChampion the Skirmisher (Ogre Warper)          Turns: 1410, Time: 00:01:24

Health: -4/37      AC:  3    Str: 17    XL:     3   Next: 16%
Magic:  6/6        EV:  9    Int: 14    God:
Gold:   16         SH:  0    Dex:  8    Spells: 6/6 levels left

rFire   . . .      SeeInvis .   a - +0 mace
rCold   . . .      Faith    .   (no shield)
rNeg    . . .      Spirit   .   b - +0 robe
rPois   .          Reflect  .   (helmet restricted)
rElec   .          Harm     .   (no cloak)
rCorr   .          Rampage  .   (gloves unavailable)
Will    .....                   (boots unavailable)
Stlth   +.........              e - amulet of magic regeneration
HPRegen 0.12/turn               (no ring)
MPRegen 0.50/turn               (no ring)

@: no status effects
A: large, unfitting armour, tough skin 1
a: no special abilities


You were on level 1 of the Dungeon.
You visited 1 branch of the dungeon, and saw 1 of its levels.

You collected 16 gold pieces.

Inventory:

Hand Weapons
 a - a +0 mace (weapon)
Missiles
 d - 5 boomerangs of dispersal (quivered)
Armour
 b - a +0 robe (worn)
Jewellery
 e - an amulet of magic regeneration (around neck)
 j - a ring of protection from fire
Scrolls
 c - a scroll of blinking
 i - a scroll of silence {unknown}
 k - a scroll of identify {unknown}
Potions
 f - a potion of cancellation {unknown}
 g - a potion of might {unknown}
 h - a potion of attraction {unknown}
 l - a potion of curing {unknown}


   Skills:
 + Level 3.4 Fighting
 * Level 2.8 Maces & Flails
 - Level 1.0 Throwing
 - Level 2.1 Dodging
 - Level 2.4 Spellcasting
 - Level 2.6 Translocations


You had 6 spell levels left.
You didn't know any spells.
Your spell library contained the following spells:

 Spells                   Type           Power      Damage    Failure   Level
 Blink                    Tloc           18%        N/A       12%         2
 Gell's Gravitas          Tloc           9%         N/A       22%         3
 Lesser Beckoning         Tloc           9%         N/A       22%         3
 Teleport Other           Tloc           9%         N/A       22%         3
 Manifold Assault         Tloc           9%         N/A       91%         5
 Storm Form               Tmut/Air       0%         N/A       100%        7


Dungeon Overview and Level Annotations

Branches:
Dungeon (1/15)

Altars:


Innate Abilities, Weirdness & Mutations

You are too large for most types of armour.
You have tough skin. (AC +1)


Message History

There is a stone staircase leading down here.
The gnoll closely misses you.
Things that are here:
a +0 dagger; a goblin skeleton You closely miss the gnoll.
The gnoll is lightly wounded.
The gnoll hits you with a +1 flail of protection!
* * * LOW HITPOINT WARNING * * *
You see here a ball python skeleton.
You see here a jackal skeleton.
You see here a +0 dagger.
You see here a ball python skeleton.
The gnoll barely misses you.
You completely miss the gnoll.
The gnoll hits you with a +1 flail of protection.
The gnoll hits you with a +1 flail of protection!
* * * LOW HITPOINT WARNING * * *
You barely miss the gnoll. The gnoll closely misses you.
You see here a ball python skeleton.
Things that are here:
a +0 dagger; a goblin skeleton
There is a stone staircase leading down here.
Things that are here:
a +0 dagger; a goblin skeleton You see here a ball python skeleton.
You hit the gnoll.
The gnoll is heavily wounded.
The gnoll barely misses you.
You hit the gnoll but do no damage.
The gnoll is heavily wounded.
The gnoll hits you with a +1 flail of protection!
* * * LOW HITPOINT WARNING * * *
You hit the gnoll.
The gnoll is almost dead.
The gnoll hits you with a +1 flail of protection.
* * * LOW HITPOINT WARNING * * *
You hit the gnoll but do no damage.
The gnoll is almost dead.
The gnoll hits you with a +1 flail of protection.
You die...

##...# #....#..#
##.♣P.## ######..#..
#P.P...## #........#.
#PP♣♣P..# #......#..#
#..P....# #.......#..
#.P.....# #........#.
#...g...# #......#..#
#.##g##.# ######..#..
#.##@##.# ##....
#.##.##♣♣♣♣♣♣♣ #####
#.##.#...♣.P.♣♣
#......♣.♣♣.P.♣
####.##♣...♣♣.♣######
#.#.♣♣.PP♣P.......
#..)#♣♣♣♣♣♣♣..####
#.#...#.# ####
#.###g#.##


You could see a gnoll and a hobgoblin.

Vanquished Creatures
  6 endoplasms (D:1)
  A giant cockroach (D:1)
  3 hobgoblins (D:1)
  5 jackals (D:1)
  3 ball pythons (D:1)
  A frilled lizard (D:1)
  4 goblins (D:1)
  A rat (D:1)
24 creatures vanquished.

Vanquished Creatures (others)
  2 plants (D:1)
2 creatures vanquished.

Grand Total: 26 creatures vanquished

Notes
Turn   | Place    | Note
-------+----------+-------------------------------------------
     0 | D:1      | ChaosChampion the Ogre Warper began the quest for the Orb.
     0 | D:1      | Reached XP level 1. HP: 22/22 MP: 3/3
   321 | D:1      | Reached skill level 3 in Fighting
   440 | D:1      | Reached XP level 2. HP: 30/31 MP: 5/5
  1044 | D:1      | Reached XP level 3. HP: 33/37 MP: 6/6
  1410 | D:1      | Slain by a gnoll

Illustrated notes

Levels and vault maps discovered:
D:1:      lightli_arrival_isolated_outpost, layout_loops_cross, serial_forest,
          infiniplex_forest_corner_2, infiniplex_forest_lined_3_way,
          infiniplex_forest_straight_2, infiniplex_forest_lined_1,
          infiniplex_forest_clump_double, infiniplex_forest_end_2,
          infiniplex_forest_clump_C, infiniplex_forest_zigzag_2,
          infiniplex_forest_clump_small, amcnicky_mini_corridor_feature,
          minmay_misc_feat_diagonals, chequers_serial_rivers_micro_d

Skill      XL: |  1 |
---------------+----+-----
Maces & Flails | 2 |  2.8
Fighting       | 3 |  3.4
Throwing       | |  1.0
Dodging        | |  2.1
Spellcasting   | |  2.4
Translocations | |  2.6

Action                   || total
-------------------------++-------
Melee: Mace              ||    93
Armor: Robe              ||    31
Dodge: Dodged            ||    49

Table legend: (Time is in decaauts)
 A = Elapsed time spent in this place.
 B = Non-inter-level travel time spent in this place.
 C = Inter-level travel time spent in this place.
 D = Time resting spent in this place.
 E = Time spent auto-exploring this place.
 F = Levels seen in this place.
 G = Mean time per level.
                   A        B        C        D        E       F      G
               +--------+--------+--------+--------+--------+-----+--------+
         Total |   1440 |   1440 |      0 |      0 |   1106 |   1 | 1440.0 |
       Dungeon |   1440 |   1440 |      0 |      0 |   1106 |   1 | 1440.0 |
               +--------+--------+--------+--------+--------+-----+--------+

Top non-repeatable levels by time:
     D:1: 1440 daAuts
